 Dungeon Crawl Stone Soup version 0.31.0-4-g52a2dc7128 (webtiles) character file.

Game seed: 17256468109461849168

28 Hopman the Gusty (level 2, -1/20 HPs)
             Began as a Draconian Air Elementalist on Jan 21, 2024.
             Slain by Dowan
             ... wielding a +0 dagger
              (3 damage)
             ... on level 4 of the Dungeon.
             The game lasted 00:08:41 (1667 turns).

Hopman the Gusty (Draconian Air Elementalist)       Turns: 1667, Time: 00:08:41

Health: -1/20      AC:  4    Str: 10    XL:     2   Next: 96%
Magic:  0/5        EV: 12    Int: 15    God:
Gold:   123        SH:  0    Dex: 11    Spells: 0/5 levels left

rFire   . . .        g - +0 spear
rCold   . . .        (no shield)
rNeg    . . .        (body armour unavailable)
rPois   .            (helmet restricted)
rElec   .            (no cloak)
rCorr   .            (no gloves)
SInv    .            (no boots)
Will    .....        (no amulet)
Stlth   ++           (no ring)
HPRegen 0.23/turn    (no ring)
MPRegen 0.09/turn

%: no passive effects
@: very slightly contaminated
A: AC +4, unfitting armour, cold-blooded
a: no special abilities


You were on level 4 of the Dungeon.
You visited 1 branch of the dungeon, and saw 3 of its levels.

You collected 123 gold pieces.

Inventory:

Hand Weapons
 g - a +0 spear (weapon)
Scrolls
 b - a scroll of torment {unknown}
 d - a scroll of vulnerability {unknown}
 e - 2 scrolls of identify {unknown}
 i - a scroll of poison {unknown}
 m - a scroll of revelation {unknown}
Potions
 c - a potion of curing {unknown}
 f - 2 potions of heal wounds {unknown}
 h - a potion of degeneration {unknown}
 j - a potion of mutation {unknown}
 k - a potion of lignification {unknown}
 l - a potion of brilliance {unknown}


   Skills:
 - Level 0.2 Fighting
 + Level 2.0 Dodging
 + Level 2.0 Stealth
 * Level 2.2 Spellcasting
 * Level 1.6 Conjurations
 * Level 3.2 Air Magic
 * Level 0.0 Alchemy


You couldn't memorise any spells.
You knew the following spells:

 Your Spells              Type           Power      Damage    Failure   Level
a - Shock                 Conj/Air       36%        1d5       8%          1
b - Static Discharge      Conj/Air       18%        3-4/arc   12%         2
c - Mercury Vapours       Alch/Air       12%        N/A       17%         2

Your spell library contained the following spells:

 Spells                   Type           Power      Damage    Failure   Level
 Swiftness                Air            11%        N/A       17%         3
 Jinxbite                 Hex            2%         N/A       32%         2
 Mephitic Cloud           Conj/Alch/Air  6%         N/A       32%         3
 Hailstorm                Conj/Ice       4%         3d5       43%         3
 Airstrike                Air            5%         2d(1-17)  50%         4
 Summon Ice Beast         Ice/Summ       1%         N/A       54%         3
 Tukima's Dance           Hex            1%         N/A       54%         3
 Passage of Golubria      Tloc           1%         N/A       91%         4
 Freezing Cloud           Conj/Ice/Air   3%         6-21      97%         5
 Yara's Violent Unravell  Hex/Alch       0%         3d3       99%         5
 Sculpt Simulacrum        Ice/Alch       0%         N/A       100%        6
 Enfeeble                 Hex            0%         N/A       100%        7


Dungeon Overview and Level Annotations

Branches:
Dungeon (2/15)

Altars:

Annotations:
D:4 Dowan


Innate Abilities, Weirdness & Mutations

Your plain brown scales are hard. (AC +4)
You cannot fit into any form of body armour.
You are cold-blooded and may be slowed by cold attacks.


Message History

Confirm with . or Enter, or press ? or * to list all spells.
Aiming: Shock (safe; 8% risk of failure)
Press: ? - help, Shift-Dir - straight line The zap misses Dowan.
Casting: Shock (safe; 8% risk of failure)
Confirm with . or Enter, or press ? or * to list all spells.
Dowan is struck by an arc of lightning.
Dowan is moderately wounded.
You are struck by an arc of lightning.
The lightning grounds out.
Dowan hits you with a +0 dagger.
Okay, then.
Magic courses through your body. Dowan barely misses you.
Casting: Static Discharge (safe; 12% risk of failure)
Confirm with . or Enter, or press ? or * to list all spells.
Dowan is struck by an arc of lightning.
Dowan is heavily wounded.
You are struck by an arc of lightning.
Dowan is struck by an arc of lightning.
Dowan is severely wounded.
The lightning grounds out.
Dowan hits you with a +0 dagger.
Casting: Static Discharge (safe; 12% risk of failure)
Confirm with . or Enter, or press ? or * to list all spells.
You miscast Static Discharge.
You are very lightly contaminated with residual magic.
Nothing appears to happen.
Dowan barely misses you.
Casting: Static Discharge (safe; 12% risk of failure)
Confirm with . or Enter, or press ? or * to list all spells.
Aiming: Shock (safe; 8% risk of failure)
Press: ? - help, Shift-Dir - straight line, f - Dowan
Aim: Dowan, wielding a +0 dagger and wearing a +0 robe (severely wounded, 56% to hit)
The zap hits Dowan.
Dowan is severely wounded.
Dowan hits you with a +0 dagger.
* * * LOW HITPOINT WARNING * * *
You miss Dowan.
Dowan is severely wounded.
Dowan closely misses you.
You completely miss Dowan. You tail-slap Dowan, but do no damage.
Dowan is severely wounded.
Dowan hits you with a +0 dagger.
You die...

#.# +.# #.. #.# #######.#
....e...# #.# #e# #@# #.# #.#
#.# ################.#
.................#
.################# .#
.###############################


You could see Dowan.

Vanquished Creatures
  A dart slug (D:1)
  4 bats (D:1)
  4 endoplasms
  A giant cockroach (D:1)
  2 goblins (D:1)
  2 hobgoblins (D:1)
  3 frilled lizards
  2 kobolds
  6 rats
25 creatures vanquished.

Notes
Turn   | Place    | Note
-------+----------+-------------------------------------------
     0 | D:1      | Hopman the Draconian Air Elementalist began the quest for
                  | the Orb.
     0 | D:1      | Reached XP level 1. HP: 14/14 MP: 3/3
   341 | D:1      | Reached XP level 2. HP: 18/20 MP: 1/5
   673 | D:1      | Learned a level 2 spell: Static Discharge
  1189 | D:2      | Learned a level 2 spell: Mercury Vapours
  1520 | D:2      | You fall into a shaft and drop 2 floors!
  1574 | D:4      | Noticed a scorpion
  1654 | D:4      | Noticed Dowan
  1667 | D:4      | Slain by Dowan

Illustrated notes

Levels and vault maps discovered:
D:1:      psy_arrival_dodecagon, layout_basic, minmay_misc_feat_encased
D:2:      minmay_thinvault, layout_basic
D:4:      layout_basic, lemuel_doored_altar,
          mainiacjoe_overflow_six_doors_small, uniq_duvessa

Skill      XL: |  1  2 |
---------------+-------+-----
Stealth        | 2 |  2.0
Dodging        | 2 |  2.0
Fighting       | |  0.2
Spellcasting   | |  2.2
Conjurations   | |  1.6
Air Magic      | |  3.2

Action                     || total
---------------------------++-------
  Melee: Unarmed           ||     6
         Spear             ||    10
         Dagger            ||     5
         Tailslap          ||     2
   Cast: Shock             ||    51
         Static Discharge  ||     2
    Use: Potion            ||     1
 Armour: Skin              ||    25
  Dodge: Dodged            ||    28
